 Dungeon Crawl Stone Soup version 0.27-a0-909-g0721f309d1 (webtiles) character file.

Game seed: 10268435019855575376

3460 robertstho the Thaumaturge (level 9, -19/48 HPs)
             Began as a Deep Elf Ice Elementalist on Apr 8, 2021.
             Was a Follower of Sif Muna.
             Demolished by a boulder beetle (59 damage)
             ... on level 8 of the Dungeon.
             The game lasted 00:14:04 (13268 turns).

robertstho the Thaumaturge (DEIE)                  Turns: 13268, Time: 00:14:05

Health: -19/48     AC:  4    Str:  5    XL:     9   Next: 78%
Magic:  13/26      EV: 14    Int: 24    God:    Sif Muna [*.....]
Gold:   342        SH:  0    Dex: 15    Spells: 15/30 levels left

rFire    . . .     SeeInvis .   r - +2 falchion (elec)
rCold    . . .     Faith    .   (no shield)
rNeg     . . .     Spirit   .   a - +1 robe
rPois    .         Reflect  .   (no helmet)
rElec    .         Harm     .   (no cloak)
rCorr    .         Rampage  .   l - +0 pair of gloves
Will     .....                  (no boots)
Stlth    +++.......             t - amulet of magic regeneration
HPRegen  0.16/turn              (no ring)
MPRegen  0.45/turn              (no ring)

@: freezing walls
A: no striking features
a: Renounce Religion, Channel Magic


You were on level 8 of the Dungeon.
You worshipped Sif Muna.
Sif Muna was aware of your devotion.
You visited 2 branches of the dungeon, and saw 9 of its levels.

You collected 366 gold pieces.
You spent 24 gold pieces at shops.

Inventory:

Hand Weapons
 k - a +0 hand axe
 n - a +1 short sword of protection
 r - a +2 falchion of electrocution (weapon)
Missiles
 f - 13 javelins
 i - 213 stones
 m - a curare-tipped dart
Armour
 a - a +1 robe (worn)
 l - a +0 pair of gloves (worn)
Jewellery
 t - an amulet of magic regeneration (around neck)
 A - a ring of wizardry
Wands
 s - a wand of polymorph (20)
 v - a wand of iceblast (3)
 w - a wand of digging (5)
Scrolls
 b - a scroll of blinking
 c - 2 scrolls of fear {unknown}
 d - 2 scrolls of teleportation {unknown}
 h - 2 scrolls of vulnerability {unknown}
 o - 2 scrolls of enchant weapon {unknown}
 p - a scroll of fog
 y - a scroll of enchant armour
 z - a scroll of identify
Potions
 e - 4 potions of curing
 g - a potion of attraction
 j - a potion of haste
 q - a potion of berserk rage
 u - 2 potions of ambrosia
 x - a potion of mutation {unknown}


   Skills:
 + Level 2.0 Fighting
 + Level 3.6(3.7) Short Blades
 + Level 0.6(2.1) Long Blades
 + Level 5.0 Dodging
 + Level 4.0 Stealth
 + Level 0.1 Unarmed Combat
 * Level 11.2 Spellcasting
 + Level 1.1 Conjurations
 + Level 2.4 Summonings
 * Level 9.9 Ice Magic
 * Level 2.1 Invocations


You had 15 spell levels left.
You knew the following spells:

 Your Spells              Type           Power      Damage    Failure   Level
a - Freeze                Ice            100%       1d11      1%          1
b - Frozen Ramparts       Ice            100%       1d12      1%          3
c - Ozocubu's Armour      Ice            57%        N/A       1%          3
d - Hailstorm             Conj/Ice       40%        3d10      4%          4
e - Summon Ice Beast      Ice/Summ       43%        N/A       3%          4

Your spell library contained the following spells:

 Spells                   Type           Power      Damage    Failure   Level
 Summon Small Mammal      Summ           100%       N/A       1%          1
 Call Imp                 Summ           25%        N/A       2%          2
 Call Canine Familiar     Summ           25%        N/A       4%          3
 Summon Guardian Golem    Hex/Summ       19%        N/A       9%          3
 Summon Lightning Spire   Summ/Air       19%        N/A       28%         4


Dungeon Overview and Level Annotations

Branches:
Dungeon (8/15)             Temple (1/1) D:5
   Lair: D:8-11

Altars:
Dithmenos
Gozag
Hepliaklqana
Kikubaaqudgha
Makhleb
Okawaru
Ru
Sif Muna
Trog
Vehumet
Xom
Yredelemnul
Zin

Shops:
D:1 :   D:3 *

Annotations:
D:6 2 transporters


Message History

Press: ? - help, Dir - move target, f - boulder beetle
Aim: a boulder beetle Attack!
Unknown command.
Casting: Summon Ice Beast (dangerous; 3% risk of failure)
Confirm with . or Enter, or press ? or * to list all spells.
A chill wind blows around you.
The boulder beetle curls into a ball and begins rolling!
Unknown command.
Casting: Summon Ice Beast (dangerous; 3% risk of failure)
Confirm with . or Enter, or press ? or * to list all spells.
A chill wind blows around you.
The boulder beetle hits your acid dragon!!!
Your acid dragon dies!
Your acid dragon's corpse disappears in a puff of smoke!
The boulder beetle stops rolling and uncurls.
Your ice beast hits the boulder beetle but does no damage.
Unknown command.
The boulder beetle curls into a ball and begins rolling!
Your ice beast hits the boulder beetle but does no damage.
Unknown command.
Casting: Summon Ice Beast (dangerous; 3% risk of failure)
Confirm with . or Enter, or press ? or * to list all spells.
Casting: Hailstorm (dangerous; 4% risk of failure)
Press: ? - help, Dir - look around, f - activate A cannonade of hail descends around you!
Your ice beast is unaffected. x2; Your ice beast dances in the hail.
The hail pelts the boulder beetle.
The boulder beetle is lightly wounded.
Your ice beast disappears in a puff of smoke!
Unknown command.
Casting: Hailstorm (dangerous; 4% risk of failure)
Confirm with . or Enter, or press ? or * to list all spells.
Casting: Frozen Ramparts (safe; 1% risk of failure)
Press: ? - help, Dir - look around, f - activate The walls around you are covered in ice.
Your ice beast hits the boulder beetle but does no damage.
The wall freezes the boulder beetle.
The boulder beetle hits you!!!
Ouch! That really hurt!
You die...

## ...
#.#####################
##......>...............
#........##.....#########
#......##.###.### #....
#.....))...##...# #....
#....))########.###....
#...Y.@................
#.......B########.###....
###....Y§# #.# #(...
.....))°# #.# #....
#######... ......... #)..
..###.... #.... ####
##### #....


You could see a boulder beetle (rolling, ally target) and 2 friendly ice beasts.

Vanquished Creatures
  A two-headed ogre (D:5)
  Eustachio (D:5)
  5 water moccasins
  A nameless horror (D:4)
  3 orc warriors
  2 ogres (D:6)
  A kobold brigand (D:3)
  A bullfrog (D:6)
  4 scorpions
  A water moccasin skeleton (D:5)
  A howler monkey (D:7)
  2 bullfrog zombies (D:5)
  5 jellies
  3 orc priests
  3 centaur skeletons
  2 hounds
  3 orc wizards
  A scorpion zombie (D:4)
  6 iguanas
  A hound zombie (D:4)
  2 hound skeletons (D:4)
  7 adders
  2 shadow imps
  A white imp (D:4)
  An adder skeleton (D:4)
  3 worms (D:2)
  5 dart slugs
  15 orcs
  4 endoplasms
  3 goblins
  7 hobgoblins
  15 jackals
  2 kobolds
  4 quokkas
  6 ball pythons
  5 bats
  4 frilled lizards
  A rat (D:2)
134 creatures vanquished.

Vanquished Creatures (collateral kills)
  An orc warrior (D:5)
  A necrophage (D:6)
  A nameless horror (D:7)
  A bullfrog (D:7)
  A scorpion (D:4)
  A water moccasin skeleton (D:5)
  2 howler monkeys (D:7)
  A centaur zombie (D:5)
  3 orc priests
  A hound (D:5)
  2 orc wizards (D:8)
  2 scorpion zombies (D:4)
  10 orcs
27 creatures vanquished.

Vanquished Creatures (others)
  4 withered plants (D:4)
4 creatures vanquished.

Grand Total: 165 creatures vanquished

Notes
Turn   | Place    | Note
-------+----------+-------------------------------------------
     0 | D:1      | robertstho the Deep Elf Ice Elementalist began the quest
                  | for the Orb.
     0 | D:1      | Reached XP level 1. HP: 10/10 MP: 6/6
   280 | D:1      | Reached XP level 2. HP: 11/15 MP: 2/8
   522 | D:1      | Found a faded altar of an unknown god.
   530 | D:1      | Reached skill level 5 in Ice Magic
  1138 | D:1      | Found Uhyoxteu's Book Emporium.
  1226 | D:1      | Reached XP level 3. HP: 8/19 MP: 8/10
  1230 | D:1      | Learned a level 3 spell: Frozen Ramparts
  1234 | D:1      | Learned a level 3 spell: Ozocubu's Armour
  1596 | D:1      | Found a sacrificial altar of Ru.
  2665 | D:2      | Reached skill level 4 in Spellcasting
  3405 | D:2      | Reached XP level 4. HP: 21/24 MP: 8/12
  3832 | D:3      | Noticed a kobold brigand
  3838 | D:3      | Killed a kobold brigand
  3839 | D:3      | Reached XP level 5. HP: 22/28 MP: 10/14
  4093 | D:3      | Found Erutet's Assorted Antiques.
  4096 | D:3      | Bought a scroll labelled VUHIOD ZULOOMP for 24 gold pieces
  4297 | D:3      | Reached skill level 5 in Spellcasting
  4564 | D:3      | Found a bloodstained altar of Trog.
  5135 | D:3      | Learned a level 4 spell: Hailstorm
  5670 | D:4      | Reached XP level 6. HP: 19/32 MP: 16/16
  5679 | D:4      | Learned a level 4 spell: Summon Ice Beast
  6188 | D:4      | Noticed a nameless horror
  6489 | D:4      | Killed a nameless horror
  6669 | D:4      | Reached skill level 1 in Short Blades
  6737 | D:4      | Reached skill level 6 in Spellcasting
  7147 | D:5      | Entered Level 5 of the Dungeon
  7344 | D:5      | Noticed an orc warrior
  7347 | D:5      | Reached XP level 7. HP: 26/37 MP: 1/18
  7562 | D:5      | Reached skill level 1 in Summonings
  7842 | D:5      | Reached skill level 1 in Fighting
  8350 | D:5      | Reached skill level 7 in Spellcasting
  8413 | D:5      | Noticed Eustachio
  8423 | D:5      | Reached XP level 8. HP: 42/43 MP: 12/20
  8437 | D:5      | Killed Eustachio
  8493 | D:5      | Noticed a two-headed ogre
  8759 | D:6      | Found a transporter.
  8764 | D:6      | Found a transporter.
  8777 | D:6      | Noticed a cyclops
  8883 | D:6      | Reached skill level 8 in Spellcasting
  9098 | D:6      | Found a sacrificial altar of Ru.
  9678 | D:6      | Reached skill level 9 in Spellcasting
  9921 | D:6      | Reached skill level 5 in Dodging
  9921 | D:6      | Reached XP level 9. HP: 48/48 MP: 19/24
 10405 | D:7      | Found a burning altar of Makhleb.
 10823 | D:7      | Reached skill level 10 in Spellcasting
 11247 | D:7      | Found a radiant altar of Vehumet.
 11247 | D:7      | Found a basalt altar of Yredelemnul.
 11873 | D:5      | Found a staircase to the Ecumenical Temple.
 11888 | Temple   | Entered the Ecumenical Temple
 12047 | Temple   | Became a worshipper of Sif Muna the Loreminder
 12308 | D:5      | Killed a two-headed ogre
 12309 | D:5      | Reached skill level 1 in Invocations
 12482 | D:5      | Found a shimmering altar of Xom.
 12487 | D:5      | Reached skill level 1 in Conjurations
 12800 | D:8      | Reached skill level 11 in Spellcasting
 13248 | D:8      | Reached * piety under Sif Muna
 13262 | D:8      | Noticed a boulder beetle
 13268 | D:8      | Demolished by a boulder beetle

Illustrated notes

Levels and vault maps discovered:
D:1:      dpeg_arrival_lava_altar, layout_basic, ebering_ecumenical_altar_ruins,
          serial_shops, shop
D:2:      layout_basic, serial_co_window_serial, co_window_paths_a,
          co_window_of_opportunity_a, co_window_corner_a, co_window_paths_a,
          co_window_corner_a, co_window_corner_a, co_window_of_opportunity_a,
          co_window_of_opportunity_c, co_window_broadway_c, co_window_cross_2,
          co_window_4corner_a, glass_columns_a, grunt_decor_arrowhead
D:3:      layout_basic, lemuel_doored_altar, serial_shops, shop,
          serial_co_window_serial, co_window_paths_a, co_window_paths_a,
          co_window_paths_b, co_window_corner_a, co_window_of_opportunity_a,
          co_window_broadway_a, co_window_corner_b, co_window_unsneaky_path_d,
          co_window_of_opportunity_c, co_window_of_opportunity_c,
          co_window_2corner
D:4:      layout_loops_ring, serial_undead, serial_undead_d, serial_undead_c,
          serial_undead_b, serial_undead_e
D:5:      layout_rooms, tgw_xom, minmay_temple_entry_from_below_b,
          uniq_eustachio
D:6:      minmay_inner_zag, layout_layer_cave, gammafunk_temple_overflow_arena
D:7:      layout_layer_cave, gammafunk_temple_overflow_elements, bloody_makhleb,
          hangedman_abyss_or_decor_stagger
D:8:      layout_basic, lemuel_coloured_pillars_altar, sigmund_army
Temple:   nicolae_temple_figure_eight

Skill      XL: |  1  2  3  4  5  6  7  8  9 |
---------------+----------------------------+-----
Ice Magic      | 5 6 7 8 9 |  9.9
Spellcasting   | 4 5 6 7 9 11 | 11.2
Dodging        | 3 4 5 |  5.0
Stealth        | 3 4 |  4.0
Short Blades   | 1 2 3 |  3.6
Summonings     | 1 2 |  2.4
Fighting       | 1 2 |  2.0
Invocations    | 2 |  2.1
Conjurations   | 1 |  1.1
Long Blades    | |  0.6
Unarmed Combat | |  0.1

Action                   |  1- 3 |  4- 6 |  7- 9 || total
-------------------------+-------+-------+-------++-------
Melee: Unarmed           |    19 |     3 |       ||    22
       Hand axe          |       |     1 |       ||     1
       Short sword       |       |   139 |   119 ||   258
       Falchion          |       |       |    15 ||    15
 Cast: Freeze            |    57 |    13 |    25 ||    95
       Frozen Ramparts   |     6 |     9 |    24 ||    39
       Summon Ice Beast  |       |     6 |    26 ||    32
       Hailstorm         |       |     1 |    22 ||    23
  Use: Scroll            |       |     6 |     4 ||    10
       Potion            |       |     1 |     3 ||     4
 Stab: Sleeping          |     5 |     4 |     1 ||    10
       Distracted        |       |     1 |     1 ||     2
Armor: Robe              |     8 |    62 |    56 ||   126
       Skin              |       |       |     5 ||     5
Dodge: Dodged            |    40 |    94 |   121 ||   255
       Rpst.: Falchion   |       |       |     1 ||     1

Table legend: (Time is in decaauts)
 A = Elapsed time spent in this place.
 B = Non-inter-level travel time spent in this place.
 C = Inter-level travel time spent in this place.
 D = Time resting spent in this place.
 E = Time spent auto-exploring this place.
 F = Levels seen in this place.
 G = Mean time per level.
                   A        B        C        D        E       F      G
               +--------+--------+--------+--------+--------+-----+--------+
         Total |  13276 |  12639 |    637 |   1396 |   9965 |   9 | 1475.1 |
       Dungeon |  13088 |  12479 |    609 |   1396 |   9815 |   8 | 1636.0 |
        Temple |    187 |    159 |     28 |      0 |    150 |   1 |  187.0 |
               +--------+--------+--------+--------+--------+-----+--------+

Top non-repeatable levels by time:
     D:3: 2084 daAuts
     D:2: 1897 daAuts
     D:4: 1789 daAuts
     D:5: 1683 daAuts
     D:7: 1647 daAuts
     D:1: 1641 daAuts
     D:6: 1590 daAuts
     D:8: 754 daAuts
  Temple: 187 daAuts
